Map: [ESL] Dragon Scales

Players

Astra

  • Race: Protoss Protoss
  • Spawn Location: 5:00

Mixu - Winner!

  • Race: Zerg Zerg
  • Spawn Location: 11:00

Event: ESL SC2 Masters 2023 Summer (Finals)

VOD

Have the link to the VOD?

Description

Time

  • Played on: June 16, 2023, 10:32 a.m.
  • Length: 9:28

All games in this series

Show
View Real Time Build Order
Export as new Build Order

Astra Protoss 

Build Orders: Nexus First 

Get SALT Encoding   

  12  0:00  Probe  
  13  0:12  Probe  
  14  0:17  Pylon  
  14  0:25  Probe  
  15  0:37  Probe  
  16  0:49  Probe  
  17  1:01  Nexus  
  17  1:06  Probe  
  18  1:18  Probe, Gateway  
  19  1:30  Probe (Chrono Boost)  
  19  1:32  Assimilator  
  20  1:39  Assimilator  
  21  1:40  Probe (Chrono Boost)  
  21  1:45  Probe (Chrono Boost)  
  21  1:49  Pylon  
  22  1:56  Probe (Chrono Boost)  
  23  2:05  Cybernetics Core  
  23  2:07  Zealot  
  23  2:08  Probe (Chrono Boost)  
  26  2:13  Probe (Chrono Boost)  
  26  2:14  Probe  
  28  2:25  Probe, Gateway  
  28  2:28  Probe  
  30  2:39  Probe  
  30  2:40  Probe  
  30  2:41  Sentry  
  34  2:52  Probe x2  
  34  2:55  Stargate  
  34  2:57  Warp Gate  
  36  3:04  Probe, Shield Battery  
  37  3:07  Adept  
  37  3:08  Probe  
  40  3:14  Pylon  
  40  3:17  Assimilator  
  40  3:19  Probe, Assimilator  
  41  3:24  Adept  
  41  3:26  Probe  
  44  3:31  Probe  
  45  3:38  Probe  
  50  3:43  Probe  
  50  3:44  Void Ray (Chrono Boost)  
  51  3:50  Shield Battery  
  51  3:52  Probe  
  52  3:55  Probe  
  53  4:04  Probe  
  54  4:19  Nexus  
  54  4:28  Pylon  
  54  4:32  Pylon  
  54  4:40  Stargate  
  54  4:45  Stargate  
  54  4:46  Probe x2  
  54  4:52  Void Ray  
  60  4:57  Shield Battery  
  60  4:59  Probe x2  
  62  5:05  Protoss Air Weapons Level 1  
  62  5:06  Pylon  
  62  5:11  Probe x2, Fleet Beacon  
  64  5:23  Probe x2  
  64  5:24  Pylon  
  70  5:31  Void Ray  
  70  5:42  Probe x3  
  77  5:45  Void Ray  
  77  5:47  Forge  
  77  5:54  Probe x2  
  77  5:56  Probe, Void Ray  
  84  5:59  Flux Vanes  
  84  6:06  Probe x2  
  84  6:07  Shield Battery  
  84  6:08  Probe  
  84  6:09  Shield Battery  
  87  6:24  Photon Cannon  
  87  6:26  Photon Cannon  
  87  6:27  Probe x2 (Chrono Boost)  
  87  6:28  Probe (Chrono Boost), Photon Cannon  
  87  6:30  Photon Cannon  
  90  6:42  Photon Cannon  
  90  6:43  Adept  
  90  6:44  Adept, Pylon  
  90  6:46  Shield Battery  
  94  6:54  Photon Cannon  
  94  6:57  Photon Cannon  
  94  6:58  Carrier (Chrono Boost)  
  94  6:59  Pylon  
  94  7:00  Shield Battery  
  100  7:04  Pylon  
  112  7:25  Robotics Facility, Assimilator  
  112  7:26  Assimilator  
  112  7:33  Stalker x2  
  114  7:41  Carrier  
  114  7:43  Carrier  
  100  7:59  Carrier  
  100  8:04  Pylon  
  98  8:05  Photon Cannon  
  98  8:07  Photon Cannon  
  98  8:10  Photon Cannon  
  92  8:16  Pylon  
  92  8:19  Stalker  
  91  8:25  Probe x2  
  91  8:26  Probe  
  93  8:41  Probe (Chrono Boost)  
  92  8:45  Probe (Chrono Boost)  
  95  8:48  Stalker  
  95  8:53  Probe (Chrono Boost)  
Show
View Real Time Build Order
Export as new Build Order

Mixu Zerg - Winner!

Build Orders: Hatch First 

Get SALT Encoding   

  12  0:00  Drone  
  13  0:12  Overlord  
  13  0:17  Drone  
  14  0:31  Drone x2  
  16  0:45  Drone  
  17  0:51  Hatchery  
  17  0:55  Drone  
  17  0:58  Drone  
  18  1:09  Extractor  
  17  1:13  Spawning Pool  
  17  1:16  Drone  
  17  1:19  Drone  
  18  1:28  Drone  
  19  1:39  Drone  
  20  1:55  Overlord  
  20  2:01  Queen  
  22  2:03  Queen  
  22  2:04  Drone  
  22  2:05  Zergling x2  
  26  2:12  Zergling x2  
  26  2:15  Drone  
  28  2:22  Drone  
  29  2:26  Drone  
  29  2:29  Metabolic Boost  
  30  2:34  Hatchery  
  29  2:39  Drone  
  30  2:44  Queen  
  30  2:46  Drone  
  30  2:51  Overlord  
  33  2:57  Drone  
  33  2:58  Drone x2  
  36  3:06  Overlord  
  38  3:13  Drone  
  38  3:14  Drone  
  38  3:15  Drone x3  
  38  3:19  Queen  
  43  3:21  Drone  
  44  3:28  Queen  
  44  3:32  Zergling x4  
  44  3:33  Drone  
  49  3:41  Roach Warren  
  48  3:47  Drone x2  
  48  3:48  Drone x3  
  53  3:50  Extractor, Drone  
  53  3:53  Drone  
  54  4:01  Drone  
  55  4:05  Overlord  
  54  4:11  Overlord  
  54  4:12  Drone x3  
  57  4:20  Overlord  
  57  4:23  Lair  
  57  4:24  Drone x3  
  57  4:25  Drone x3  
  57  4:27  Extractor  
  62  4:33  Overlord x2  
  62  4:41  Queen  
  62  4:42  Queen, Spore Crawler  
  62  4:45  Drone  
  66  4:48  Drone  
  66  4:49  Drone  
  66  4:52  Drone, Evolution Chamber  
  68  4:53  Drone x2  
  68  4:57  Drone x3  
  73  5:01  Drone  
  73  5:05  Drone x5  
  79  5:07  Overlord  
  79  5:09  Drone x2  
  81  5:14  Extractor  
  81  5:15  Extractor  
  81  5:17  Drone  
  81  5:19  Drone x2  
  82  5:24  Baneling Nest  
  82  5:26  Zerg Melee Weapons Level 1, Glial Reconstitution  
  82  5:28  Roach x3  
  87  5:31  Overseer  
  87  5:35  Overlord  
  87  5:37  Hatchery  
  87  5:39  Drone  
  87  5:47  Roach x5  
  87  5:49  Overlord  
  97  5:51  Extractor  
  96  5:57  Spire  
  96  6:00  Pneumatized Carapace  
  96  6:01  Queen x2  
  100  6:04  Drone  
  100  6:09  Overlord  
  101  6:12  Zergling x12  
  101  6:17  Drone x4  
  110  6:21  Spore Crawler  
  109  6:30  Roach  
  111  6:35  Ravager x6  
  117  6:41  Queen x2, Hatchery  
  117  6:46  Drone  
  121  6:50  Spore Crawler  
  120  6:54  Overlord x4  
  120  6:55  Overlord, Overseer  
  120  6:58  Ravager  
  121  7:14  Corruptor x4  
  130  7:20  Corruptor x2  
  132  7:23  Corruptor  
  132  7:25  Queen x2  
  132  7:28  Drone x2  
  132  7:40  Corruptor x3  
  125  7:51  Corruptor x2  
  125  7:54  Drone x7  
  136  7:59  Zergling x8  
  144  8:05  Roach x3  
  144  8:06  Extractor  
  144  8:10  Extractor  
  144  8:12  Roach x4  
  150  8:19  Queen x2  
  149  8:24  Drone x2  
  149  8:26  Corruptor  
  156  8:30  Corruptor  
  156  8:38  Roach x6  
  161  8:48  Zergling x8  
  161  8:53  Ravager x7  
  161  8:54  Zergling x4  
  167  8:59  Overlord x3  
  166  9:09  Overlord x3  
Tags
 
Add a new tag
Caveats
  • Supply blocks, unpowered buildings, or Contaminate may cause inaccurate times.
  • Supply counts are checked every 10 seconds.